 Dungeon Crawl Stone Soup version 0.31-a0-234-gad7ace16ef (webtiles) character file.

Game seed: 5040080467152870015

9 qw the Shooter (level 2, 0/16 HPs)
             Began as a Gargoyle Hexslinger on July 9, 2023.
             Frozen to death by an endoplasm (4 damage)
             ... on level 1 of the Dungeon.
             The game lasted 00:00:06 (207 turns).

qw the Shooter (Gargoyle Hexslinger)                 Turns: 207, Time: 00:00:06

Health: 0/16       AC:  4    Str: 11    XL:     2   Next: 16%
Magic:  3/3        EV: 12    Int: 13    God:
Gold:   65         SH:  0    Dex: 12    Spells: 2/3 levels left

rFire   . . .        a - +1 sling
rCold   . . .        (no shield)
rNeg    + . .        c - +0 robe
rPois   inf          (no helmet)
rElec   +            (no cloak)
rCorr   .            (no gloves)
SInv    .            (no boots)
Will    .....        (no amulet)
Stlth   +            (no ring)
HPRegen 0.22/turn    (no ring)
MPRegen 0.08/turn

%: no passive effects
@: no status effects
A: sickness immunity, AC +2, negative energy resistance 1, electricity
resistance, torment resistance 1, petrification resistance
a: no special abilities


You were on level 1 of the Dungeon.
You visited 1 branch of the dungeon, and saw 1 of its levels.

You collected 65 gold pieces.


Innate Abilities, Weirdness & Mutations

You are immune to sickness and miasma.
Your stone body is resilient. (AC +2)
You are immune to poison.
You resist negative energy. (rN+)
You are resistant to electric shocks. (rElec)
You are resistant to unholy torment.
You are immune to petrification.


   Skills:
 - Level 1.1 Fighting
 + Level 2.8 Ranged Weapons
 - Level 1.5 Dodging
 - Level 1.0 Spellcasting
 - Level 2.6 Hexes


You had 2 spell levels left.
You knew the following spells:

 Your Spells              Type           Power      Damage    Failure   Level
a - Slow                  Hex            28%        N/A       10%         1

Your spell library contained the following spells:

 Spells                   Type           Power      Damage    Failure   Level
 Inner Flame              Hex/Fire       4%         N/A       43%         3
 Portal Projectile        Hex/Tloc       8%         N/A       43%         3
 Cause Fear               Hex            3%         N/A       67%         4

Inventory:

Hand Weapons
 a - a +1 sling (weapon)
Armour
 c - a +0 robe (worn)
 e - a +0 leather armour
Scrolls
 b - a scroll of poison
 d - a scroll of revelation {unknown}
 f - a scroll of amnesia {unknown}

Dungeon Overview and Level Annotations

Branches:
Dungeon (1/15)

Altars:


Message History

The ball python closely misses you. The kobold barely misses you.
You shoot a sling bullet.
The sling bullet closely misses the kobold.
The ball python closely misses you. x2; The kobold hits you but does no damage.
The ball python barely misses you. The ball python closely misses you.
You shoot a sling bullet.
The sling bullet closely misses the kobold.
The ball python bites you but does no damage.
The ball python grabs you. The ball python constricts you.
The kobold hits you but does no damage.
You shoot a sling bullet. The sling bullet hits the ball python!
You kill the ball python!
The kobold hits you with a +0 short sword. x2
The endoplasm freezes you.
You are frozen.
You shoot a sling bullet.
The sling bullet closely misses the kobold.
The kobold barely misses you.
The endoplasm hits you but does no damage.
You shoot a sling bullet.
The sling bullet barely misses the kobold.
The kobold hits you but does no damage. The endoplasm barely misses you.
You shoot a sling bullet.
The sling bullet closely misses the kobold.
The kobold hits you but does no damage. The endoplasm hits you.
You shoot a sling bullet.
The sling bullet closely misses the kobold.
The kobold misses you. The endoplasm barely misses you.
The kobold hits you but does no damage. The endoplasm freezes you.
You are frozen.
You shoot a sling bullet.
The sling bullet closely misses the kobold.
The kobold barely misses you. The endoplasm misses you.
You shoot a sling bullet. The sling bullet hits the kobold.
The kobold is severely wounded.
The kobold misses you. The endoplasm freezes you.
You are frozen.
You die...

......#.##... .
.................. . ....
.........>.## #.
##......##..#.#..#
.##.##...#...##..#.#..##
........................
......................##
.....)KJ..............#
#.##.###@.........#.#..##
#.................#.#....
#....###..#.............#
.....#.:...............##
#.........#..###.......#
#..#.###.....# #..#.#..#
. ...........###..#.#..##
#....###.................
#. .......####..#.#.###


You could see an endoplasm and a kobold.

Vanquished Creatures
  2 endoplasms (D:1)
  A goblin (D:1)
  A hobgoblin (D:1)
  2 ball pythons (D:1)
  A bat (D:1)
  2 rats (D:1)
9 creatures vanquished.

Notes
Turn   | Place    | Note
-------+----------+-------------------------------------------
     0 | D:1      | qw the Gargoyle Hexslinger began the quest for the Orb.
     0 | D:1      | Reached XP level 1. HP: 12/12 MP: 2/2
     0 | D:1      | 0 ||| qw: Version: 0.3-a-51-g015441d
     0 | D:1      | 0 ||| qw: Game counter: 4170
     0 | D:1      | 0 ||| qw: Melee chars always use a shield: true
     0 | D:1      | 0 ||| qw: God list: Okawaru
     0 | D:1      | 0 ||| qw: Allow faded altars: false
     0 | D:1      | 0 ||| qw: Do Orc after clearing Dungeon:15 true
     0 | D:1      | 0 ||| qw: Do second Lair branch before Depths: true
     0 | D:1      | 0 ||| qw: Lair rune preference: random
     0 | D:1      | 0 ||| qw: Goals: Normal
     0 | D:1      | 0 ||| PLANNING D:1-11
   147 | D:1      | Reached XP level 2. HP: 16/16 MP: 3/3
   205 | D:1      | HP: 4/16 [frozen (4)]
   207 | D:1      | Frozen to death by an endoplasm

Levels and vault maps discovered:
D:1:      erik_arrival_orb_chamber, layout_basic, minmay_rat_gold_closets

Action                     || total
---------------------------++-------
   Fire: Sling             ||    31
 Armour: Robe              ||     9
  Dodge: Dodged            ||    16

Table legend:
 A = Non-vault XP
 B = Vault XP
 C = Vault XP percentage of total XP
 D = Non-vault monster count
 E = Vault monster count
 F = Vault count percentage of total count
                 A         B        C        D         E       F
            +---------+---------+-------+---------+---------+-------
      Total |      14 |       0 |   0.0 |       9 |       0 |   0.0
            +---------+---------+-------+---------+---------+-------
        D:1 |      14 |       0 |   0.0 |       9 |       0 |   0.0
            +---------+---------+-------+---------+---------+-------
